 Dungeon Crawl Stone Soup version 0.32-a0-921-g04a7ad8e02 (webtiles) character file.

Game seed: 3974917132884125352

1409 jeffersonvazmariano the Geomancer (level 8, -11/46 HPs)
             Began as an Octopode Earth Elementalist on Apr 11, 2024.
             Was an Initiate of Gozag.
             Engulfed by a cloud of steam (14 damage)
             ... on level 6 of the Dungeon.
             The game lasted 00:29:25 (7155 turns).

jeffersonvazmariano the Geomancer (OpEE)            Turns: 7155, Time: 00:29:27

Health: -11/46     AC:  1    Str:  7    XL:     8   Next: 70%
Magic:  5/11       EV: 12    Int: 19    God:    Gozag
Gold:   523        SH:  5    Dex: 19    Spells: 10/11 levels left

rFire   . . .        (no weapon)
rCold   . . .        (no shield)
rNeg    . . .        (helmet restricted)
rPois   .            b - amulet of reflection
rElec   .            C - +6 ring of dexterity
rCorr   .            (no ring)
SInv    .            (no ring)
Will    .....        (no ring)
Stlth   +++          (no ring)
HPRegen 0.27/turn    (no ring)
MPRegen 0.12/turn    (no ring)
                     (no ring)

%: reflection
@: gold aura
A: almost no armour, amphibious, 8 rings, camouflage 1, gelatinous body 1,
(nimble swimmer 1), tentacles
a: Renounce Religion, Potion Petition, Call Merchant, Bribe Branch


You were on level 6 of the Dungeon.
You worshipped Gozag.
Gozag was pleased with you.
You visited 2 branches of the dungeon, and saw 7 of its levels.

You collected 603 gold pieces.
You paid 80 gold pieces to Gozag.

Inventory:

Jewellery
 b - an amulet of reflection (around mantle)
 n - an amulet of the acrobat
 C - a +6 ring of dexterity (left tentacle)
Talismans
 u - a talisman of death
Wands
 l - a wand of mindburst (35)
 B - a wand of flame (27)
Scrolls
 f - a scroll of poison {unknown}
 j - 5 scrolls of identify {unknown}
 m - 2 scrolls of fog {unknown}
 o - a scroll of blinking {unknown}
 p - 2 scrolls of fear {unknown}
 r - a scroll of brand weapon {unknown}
 s - 2 scrolls of revelation {unknown}
 t - 3 scrolls of teleportation {unknown}
 v - 4 scrolls of enchant armour {unknown}
 w - 2 scrolls of enchant weapon {unknown}
 y - 2 scrolls of noise {unknown}
 A - a scroll of vulnerability {unknown}
 D - a scroll of silence {unknown}
Potions
 a - a potion of magic
 c - 3 potions of heal wounds {unknown}
 d - 3 potions of ambrosia {unknown}
 e - 2 potions of lignification {unknown}
 g - 2 potions of enlightenment {unknown}
 h - a potion of might {unknown}
 i - 3 potions of curing {unknown}
 k - 2 potions of degeneration {unknown}
 q - a potion of cancellation {unknown}
 x - a potion of haste {unknown}
 z - a potion of brilliance {unknown}


   Skills:
 - Level 2.0 Dodging
 - Level 2.6 Stealth
 - Level 2.0 Spellcasting
 - Level 1.0 Conjurations
 + Level 10.9 Earth Magic


You had 10 spell levels left.
You knew the following spells:

 Your Spells              Type           Power      Damage    Failure   Level
a - Sandblast             Erth           86%        2d18      1%          1

Your spell library contained the following spells:

 Spells                   Type           Power      Damage    Failure   Level
 Passwall                 Erth           43%        N/A       1%          3
 Stone Arrow              Conj/Erth      48%        3d10      4%          3
 Brom's Barrelling Bould  Conj/Erth      24%        2d5       14%         4
 Petrify                  Alch/Erth      22%        N/A       19%         4
 Hailstorm                Conj/Ice       3%         3d5       38%         3
 Frozen Ramparts          Ice            2%         1d1       45%         3
 Sculpt Simulacrum        Ice/Alch       0%         N/A       100%        6


Dungeon Overview and Level Annotations

Branches:
Dungeon (6/15)             Temple (1/1) D:4

Altars:
Ashenzari
Cheibriados
Dithmenos
Gozag
Hepliaklqana
Kikubaaqudgha
Makhleb
Nemelex Xobeh
Qazlal
Ru
Sif Muna
Trog
Uskayaw
Vehumet
Wu Jian
Xom
Yredelemnul
Zin
The Shining One

Annotations:
D:3 1 runed translucent door, Autsider's ghost, amateur FoFi


Innate Abilities, Weirdness & Mutations

You cannot wear most types of armour.
You are amphibious.
You can wear up to eight rings at the same time.
Your skin changes colour to match your surroundings (Stealth+).
Your rubbery body absorbs attacks. (AC +1, EV +1)
((You are camouflaged when in or above water. (Stealth+)))
You have tentacles for arms and can constrict up to eight enemies at once.


Message History

The blast of sand misses the steam dragon.
Aiming: Sandblast (safe; 1% risk of failure)
Press: ? - help, Q - select action, (/) - cycle Shift-Dir - straight line, f/p - steam dragon
Aim: a steam dragon (85% to hit)
The blast of sand hits the steam dragon.
The steam dragon is lightly wounded.
The steam dragon breathes steam at you. The ball of steam misses you.
You hear an angry hiss.
Aiming: Sandblast (safe; 1% risk of failure)
Press: ? - help, Q - select action, (/) - cycle Shift-Dir - straight line, f/p - steam dragon
Aim: a steam dragon (steam, lightly wounded, catching its breath, 85% to hit)
The blast of sand hits the steam dragon.
The steam dragon is moderately wounded.
You are engulfed in a cloud of scalding steam.
You block the steam dragon's attack. The steam dragon misses you.
Aiming: Sandblast (safe; 1% risk of failure)
Press: ? - help, Q - select action, (/) - cycle Shift-Dir - straight line, f/p - steam dragon
Aim: a steam dragon (moderately wounded, catching its breath, 85% to hit)
The blast of sand hits the steam dragon!!
The steam dragon is severely wounded.
The steam dragon closely misses you.
The steam dragon claws you but does no damage.
The steam dragon barely misses you. The steam dragon closely misses you.
Aiming: Sandblast (safe; 1% risk of failure)
Press: ? - help, Q - select action, (/) - cycle Shift-Dir - straight line, f/p - steam dragon
Aim: a steam dragon (severely wounded, 85% to hit)
The blast of sand hits the steam dragon.
The steam dragon is severely wounded.
The steam dragon breathes steam at you. The ball of steam hits you!
* * * LOW HITPOINT WARNING * * *
Aiming: Sandblast (safe; 1% risk of failure)
Press: ? - help, Q - select action, (/) - cycle Shift-Dir - straight line, f/p - steam dragon
Aim: a steam dragon (steam, severely wounded, 85% to hit)
The blast of sand hits the steam dragon!
You kill the steam dragon!
You are engulfed in a cloud of scalding steam.
You die...
Your body crumbles into a pile of gold.

#.......#.......#
#.......#.......#
#...............# #.
#...............# #.
#.......<....#### ..
#.......##.#.# # #.
#..........#.# # #.
###.......####.# # #.
##§@§§§§...# #.#
#.####.###.§######.#####.#
.....D.....## #.......#
..###...#### #########
#####


There were no monsters in sight!

Vanquished Creatures
  Sigmund (D:2)
  A steam dragon (D:6)
  An ice beast (D:6)
  2 black bears (D:5)
  A phantom (D:6)
  A centaur (D:6)
  A bullfrog (D:6)
  A scorpion (D:6)
  5 wights (D:6)
  A bombardier beetle (D:6)
  A hound (D:4)
  A sleepcap (D:6)
  3 iguanas
  An orc wizard (D:4)
  3 gnolls (D:4)
  A river rat (D:4)
  8 adders
  2 white imps
  2 ufetubi (D:5)
  3 adder zombies (D:3)
  5 dart slugs
  2 ribbon worms (D:4)
  5 orcs
  3 bats
  8 endoplasms
  7 giant cockroaches
  5 goblins
  10 hobgoblins
  7 jackals
  3 quokkas
  6 ball pythons
  A ball python skeleton (D:3)
  A frilled lizard (D:3)
  9 kobolds
  A quokka skeleton (D:3)
  4 rats
117 creatures vanquished.

Notes
Turn   | Place    | Note
-------+----------+-------------------------------------------
     0 | D:1      | jeffersonvazmariano the Octopode Earth Elementalist began
                  | the quest for the Orb.
     0 | D:1      | Reached XP level 1. HP: 11/11 MP: 3/3
   201 | D:1      | Reached XP level 2. HP: 17/17 MP: 3/5
   453 | D:1      | Reached skill level 4 in Earth Magic
   538 | D:1      | Got the Dissertation on Ice
   667 | D:1      | Reached XP level 3. HP: 21/21 MP: 1/6
  1282 | D:2      | Noticed Sigmund
  1569 | D:2      | Reached XP level 4. HP: 23/27 MP: 3/7
  1783 | D:3      | Reached skill level 5 in Earth Magic
  1790 | D:3      | Found a runed translucent door.
  1790 | D:3      | Noticed Autsider's ghost (amateur FoFi)
  2234 | D:3      | Found a shimmering blue altar of Sif Muna.
  2820 | D:4      | Reached XP level 5. HP: 30/31 MP: 6/8
  3489 | D:4      | Found a glowing golden altar of the Shining One.
  3494 | D:4      | Found a hazy altar of Hepliaklqana.
  3686 | D:4      | Reached skill level 6 in Earth Magic
  3763 | D:4      | Found a bloodstained altar of Trog.
  3969 | D:4      | Reached XP level 6. HP: 36/36 MP: 6/9
  4284 | D:4      | Found a staircase to the Ecumenical Temple.
  4294 | Temple   | Entered the Ecumenical Temple
  4305 | Temple   | Became a worshipper of Gozag Ym Sagoz the Greedy
  4415 | D:4      | Reached skill level 7 in Earth Magic
  4957 | D:2      | Found a faded altar of an unknown god.
  5011 | D:2      | Killed Sigmund
  5012 | D:2      | Reached XP level 7. HP: 41/41 MP: 5/10
  5448 | D:5      | Entered Level 5 of the Dungeon
  5611 | D:5      | Found a stormy altar of Qazlal.
  5617 | D:5      | Reached skill level 8 in Earth Magic
  5664 | D:5      | Found a radiant altar of Vehumet.
  6405 | D:6      | Reached skill level 9 in Earth Magic
  6625 | D:6      | Reached XP level 8. HP: 46/46 MP: 9/11
  6733 | D:6      | Reached skill level 10 in Earth Magic
  7155 | D:6      | Engulfed by a cloud of steam

Illustrated notes

Levels and vault maps discovered:
D:1:      tarquinn_simple_flora_water_d, layout_loops_cross
D:2:      layout_basic, ebering_ecumenical_altar_rust,
          kennysheep_generic_room_15, uniq_sigmund
D:3:      minmay_inner_zag, layout_basic, mainiacjoe_overflow_tiny_flanked,
          gammafunk_ghost_grave, serial_undead, serial_undead_e,
          serial_undead_e, serial_undead_c, serial_undead_a, serial_undead_f,
          serial_undead_d, grunt_ministairs_3, minmay_misc_feat_roman,
          minmay_fractal_squares_diagonal_5
D:4:      layout_basic, lemuel_doored_altar, gammafunk_temple_overflow_statue,
          minmay_temple_entry_fiery, gup_sewer_entry_bowl, serial_glass,
          glass_columns_b, glass_columns_a
D:5:      layout_cave_pools, mainiacjoe_overflow_alcove_4,
          overflow_temple_1_default, minmay_misc_feat_rugged,
          hangedman_decor_points
D:6:      layout_basic, old_standard_altar
Temple:   hellmonk_temple_forest_ring

Skill      XL: |  1  2  3  4  5  6  7  8 |
---------------+-------------------------+-----
Earth Magic    | 4 5 6 7 9 10 | 10.9
Dodging        | |  2.0
Stealth        | |  2.6
Spellcasting   | |  2.0
Conjurations   | |  1.0

Action                     |  1- 3 |  4- 6 |  7- 9 || total
---------------------------+-------+-------+-------++-------
  Melee: Unarmed           |     3 |     5 |       ||     8
         Constrict         |     2 |     1 |       ||     3
         Tentacles         |     1 |     1 |       ||     2
         Punch             |       |     1 |       ||     1
   Cast: Sandblast         |    58 |   111 |    58 ||   227
 Armour: Skin              |    16 |    19 |    12 ||    47
  Dodge: Dodged            |    23 |    34 |    18 ||    75
  Block: Other             |       |     7 |     7 ||    14
         Reflection        |       |     1 |     3 ||     4

Table legend: (Time is in decaauts)
 A = Elapsed time spent in this place.
 B = Non-inter-level travel time spent in this place.
 C = Inter-level travel time spent in this place.
 D = Time resting spent in this place.
 E = Time spent auto-exploring this place.
 F = Levels seen in this place.
 G = Mean time per level.
                   A        B        C        D        E       F      G
               +--------+--------+--------+--------+--------+-----+--------+
         Total |   7270 |   5861 |   1409 |   1274 |   3424 |   7 | 1038.6 |
       Dungeon |   7217 |   5858 |   1359 |   1274 |   3424 |   6 | 1202.8 |
        Temple |     52 |      2 |     50 |      0 |      0 |   1 |   52.0 |
               +--------+--------+--------+--------+--------+-----+--------+

Top non-repeatable levels by time:
     D:4: 2198 daAuts
     D:3: 1225 daAuts
     D:1: 1079 daAuts
     D:2: 980 daAuts
     D:5: 925 daAuts
     D:6: 809 daAuts
  Temple: 52 daAuts
